 Dungeon Crawl Stone Soup version 0.30.0-10-gfe55d96785 (webtiles) character file.

Game seed: 4959453598162710387

18589 qw the Cleaver (level 12, 0/77 HPs)
             Began as a Gargoyle Cinder Acolyte on May 17, 2023.
             Was a Follower of Okawaru.
             Slain by a fire elemental (5 damage)
             ... created by the fiery vengeance of Ignis
             ... on level 4 of the Lair of Beasts.
             The game lasted 00:06:20 (11633 turns).

qw the Cleaver (Gargoyle Cinder Acolyte)           Turns: 11633, Time: 00:06:20

Health: 0/77       AC: 29    Str: 28    XL:     12   Next: 60%
Magic:  13/15      EV: 10    Int: 21    God:    Okawaru [*.....]
Gold:   1393       SH:  5    Dex:  5    Spells: 13/13 levels left

rFire   . . .        b - +0 war axe (vamp)
rCold   + . .        i - +0 buckler "Rierph" {Drain rC+ Str+3}
rNeg    + + .        r - +0 chain mail
rPois   inf          m - +0 helmet
rElec   +            n - +0 cloak
rCorr   .            e - +2 pair of gloves
SInv    .            g - -1 pair of boots of the Ant {Str+3 Int+7}
Will    .....        (no amulet) Stlth
                     f - ring of positive energy
HPRegen 0.32/turn    (no ring)
MPRegen 0.14/turn

%: no passive effects
@: about to teleport, heroic, fire susceptible
A: sickness immunity, AC +8, negative energy resistance 1, electricity
resistance, torment resistance 1, petrification resistance, dopey 1, wild magic
1, sturdy frame 1
a: Renounce Religion, Heroism


You were on level 4 of the Lair of Beasts.
You worshipped Okawaru.
Okawaru was aware of your devotion.
You visited 2 branches of the dungeon, and saw 12 of its levels.

You collected 1393 gold pieces.


Innate Abilities, Weirdness & Mutations

You are immune to sickness and miasma.
Your stone body is resilient. (AC +8)
You are immune to poison.
You resist negative energy. (rN+)
You are resistant to electric shocks. (rElec)
You are resistant to unholy torment.
You are immune to petrification.
You are dopey. (Int -2)
Your spells are a little harder to cast, but a little more powerful.
Your movements are slightly less encumbered by armour. (ER -2)


   Skills:
 - Level 10.0(15.0) Fighting
 - Level 13.5(18.5) Axes
 + Level 3.6(8.6) Throwing
 - Level 9.1(14.1) Armour
 - Level 1.4(6.4) Dodging
 - Level 6.0(11.0) Shields
 - Level 1.0 Spellcasting
 - Level 3.0 Fire Magic
 - Level 4.0 Invocations


You had 13 spell levels left.
You didn't know any spells.
Your spell library contained the following spells:

 Spells                   Type           Power      Damage    Failure   Level
 Scorch                   Fire           34%        2d6       26%         2

Inventory:

Hand Weapons
 b - a +0 vampiric war axe (weapon)
 c - a +4 morningstar
Missiles
 d - 5 javelins (quivered)
 u - 4 boomerangs
Armour
 e - a +2 pair of gloves (worn)
 g - the -1 pair of boots of the Ant (worn) {Str+3 Int+7}
   (You acquired it on level 3 of the Dungeon)

   Str:       It affects your strength (+3).
   Int:       It affects your intelligence (+7).
 i - the +0 buckler "Rierph" (worn) {Drain rC+ Str+3}
   (You acquired it on level 7 of the Dungeon)

   Str:       It affects your strength (+3).
   rC:        It protects you from cold.
   Drain:     It drains your maximum health when unequipped.
 m - a +0 helmet (worn)
 n - a +0 cloak (worn)
 r - a +0 chain mail (worn)
 t - a +2 helmet
Jewellery
 f - a ring of positive energy (left hand)
Scrolls
 a - 9 scrolls of identify
 o - a scroll of brand weapon
 q - 3 scrolls of teleportation
 s - a scroll of enchant armour {unknown}
Potions
 h - 2 potions of curing
 j - 2 potions of might
 k - 2 potions of haste
 l - 2 potions of mutation
 p - 2 potions of magic

Dungeon Overview and Level Annotations

Branches:
Dungeon (8/15)             Temple (0/1) D:7            Lair (4/5) D:8
  Swamp (0/4) Lair:2       Spider (0/4) Lair:2        Slime (0/5) Lair:4

Altars:
Cheibriados
Elyvilon
Gozag
Hepliaklqana
Okawaru
Sif Muna
Vehumet

Shops:
D:5 :

Annotations:
D:4 3 runed translucent doors, qw's ghost, amateur GrCA
D:5 1 runed translucent door, qw's ghost, novice GrCA
Lair:3 2 transporters, qw's ghost, journeyman GrCA


Message History

You hit the fire elemental but do no damage.
The fire elemental is heavily damaged.
You slash the fire elemental! The fire elemental barely misses you.
The fire elemental hits you. The fire elemental burns you!
You closely miss the fire elemental.
The fire elemental is heavily damaged.
You hit the fire elemental but do no damage.
The fire elemental hits you. The fire elemental burns you!
The fire elemental hits you. The fire elemental burns you!
11627 ||| INVOKING Heroism.
You gain the combat prowess of a mighty hero.
The fire elemental hits you. The fire elemental burns you!
The fire elemental hits you. The fire elemental burns you!
You barely miss the fire elemental.
The fire elemental is heavily damaged.
You hit the fire elemental. The fire elemental hits you.
The fire elemental barely misses you.
You barely miss the fire elemental.
The fire elemental is heavily damaged.
You hit the fire elemental.
The fire elemental hits you. x2; The fire elemental burns you!
You slash the fire elemental!
The fire elemental is severely damaged.
You hit the fire elemental. The fire elemental hits you.
The fire elemental burns you! The fire elemental hits you.
11631 ||| READING 4 scrolls of teleportation.
As you read the scroll of teleportation, it crumbles to dust.
You feel strangely unstable. The fire elemental hits you.
The fire elemental burns you! The fire elemental hits you.
You slash the fire elemental!
You destroy the fire elemental!
That felt strangely unrewarding.
You closely miss the fire elemental. You block the fire elemental's attack.
You slash the fire elemental!
The fire elemental is almost destroyed.
The fire elemental hits you. The fire elemental burns you!
You die...

### ### #
##..##P######.#
#.......#.#P..#
####..............
...................
...>.........E?....#
.............@.#
.................#....#
.................# ...#
...............### ..#
...........(..#.# ..#
..........P...###~~ ##
#.............~.~...
#........#.~~~~~~...
.#.........~~~~~~~..


You could see a fire elemental.

Vanquished Creatures
  A hydra (Lair:4)
  2 death yaks (Lair:4)
  Urug (Lair:4)
  2 black mambas
  Maurice (D:8)
  A torpor snail (Lair:4)
  Maggie (D:6)
  3 cane toads
  4 komodo dragons
  4 rime drakes
  A queen bee (Lair:2)
  8 blink frogs (Lair:1)
  18 yaks
  2 wyverns
  A basilisk (Lair:4)
  7 fire elementals
  A steam dragon (D:8)
  A swamp worm (Lair:2)
  12 water moccasins
  7 ice beasts
  3 black bears
  A sky beast (D:7)
  2 ogres
  11 wolves
  2 centaurs
  3 phantoms
  A kobold brigand (D:8)
  7 bullfrogs
  7 scorpions
  A gnoll sergeant (D:7)
  4 wights
  24 killer bees (Lair:2)
  3 howler monkeys (D:8)
  A jelly (D:8)
  3 orc priests
  8 hounds
  A sleepcap (D:7)
  2 iguanas
  Natasha (D:2)
  2 orc wizards
  12 gnolls
  9 adders
  A white imp (D:8)
  2 ufetubi (D:5)
  4 worms
  3 dart slugs
  19 orcs
  6 endoplasms
  3 giant cockroaches
  7 goblins
  3 hobgoblins
  6 jackals (D:3)
  11 kobolds
  4 quokkas
  11 ball pythons
  11 bats
  A frilled lizard (D:3)
  7 rats
285 creatures vanquished.

Notes
Turn   | Place    | Note
-------+----------+-------------------------------------------
     0 | D:1      | qw the Gargoyle Cinder Acolyte began the quest for the Orb.
     0 | D:1      | Reached XP level 1. HP: 14/14 MP: 2/2
     0 | D:1      | 0 ||| qw: Version: 0.2-a-95-g816fdde
     0 | D:1      | 0 ||| qw: Game counter: 76
     0 | D:1      | 0 ||| qw: Always use a shield: true
     0 | D:1      | 0 ||| qw: God list: Okawaru
     0 | D:1      | 0 ||| qw: Allow faded altars: false
     0 | D:1      | 0 ||| qw: Do Orc after D:15 true
     0 | D:1      | 0 ||| qw: Do second Lair branch before Depths: true
     0 | D:1      | 0 ||| qw: Lair rune preference: random
     0 | D:1      | 0 ||| qw: Plans: Normal
     0 | D:1      | 0 ||| PLANNING D:1-11
   225 | D:1      | 225 ||| Stepping ~*~*~tactically~*~*~ (stealth).
   232 | D:1      | Reached skill level 3 in Axes
   286 | D:1      | Reached XP level 2. HP: 19/19 MP: 3/3
   751 | D:1      | 751 ||| INVOKING Fiery Armour.
   862 | D:1      | Found a faded altar of an unknown god.
  1002 | D:1      | 1002 ||| Stepping ~*~*~tactically~*~*~ (stealth).
  1006 | D:1      | Reached XP level 3. HP: 21/23 MP: 4/4
  1086 | D:1      | 1086 ||| UPGRADING to +2 pair of gloves.
  1091 | D:1      | 1091 ||| READING scroll labelled DOAGOI OSIC.
  1092 | D:1      | 1092 ||| READING 2 scrolls labelled LOUHYJ GI DEM.
  1157 | D:1      | 1157 ||| DROPPING +0 whip.
  1158 | D:1      | 1158 ||| READING scroll labelled LIH REVEOQ.
  1159 | D:1      | 1159 ||| READING scroll labelled HOHOUTUHID.
  1160 | D:1      | 1160 ||| READING scroll labelled HUEJUPP BEIF.
  1213 | D:2      | 1213 ||| INVOKING Fiery Armour.
  1214 | D:2      | 1214 ||| STAIRDANCE
  1237 | D:2      | 1237 ||| STAIRDANCE
  1243 | D:1      | Reached skill level 4 in Axes
  1322 | D:2      | Reached XP level 4. HP: 28/28 MP: 5/5
  1335 | D:2      | 1335 ||| Stepping ~*~*~tactically~*~*~ (stealth).
  1337 | D:2      | 1337 ||| Stepping ~*~*~tactically~*~*~ (stealth).
  1340 | D:2      | 1340 ||| Stepping ~*~*~tactically~*~*~ (stealth).
  1494 | D:2      | Identified the +0 robe "Yfuubat" {Int+2 Dex-2 SInv}
  1672 | D:2      | Noticed Natasha
  1679 | D:2      | Killed Natasha
  1680 | D:2      | Reached skill level 5 in Axes
  1680 | D:2      | Reached XP level 5. HP: 28/32 MP: 6/6
  1748 | D:2      | 1748 ||| UPGRADING to +0 ring mail.
  1758 | D:2      | 1758 ||| DROPPING +0 robe.
  1759 | D:2      | 1759 ||| UPGRADING to +0 helmet.
  1764 | D:2      | 1764 ||| DROPPING +0 robe "Yfuubat" {Int+2 Dex-2 SInv}.
  1765 | D:2      | 1765 ||| READING scroll labelled JASUYD KURUSEOM.
  1766 | D:2      | 1766 ||| DRINKING 2 pink potions.
  1767 | D:2      | 1767 ||| DRINKING 2 brown potions.
  1768 | D:2      | 1768 ||| READING 2 scrolls of identify.
  1768 | D:2      | 1768 ||| IDENTIFYING bubbling green potion
  1769 | D:2      | 1769 ||| DROPPING potion of degeneration.
  1770 | D:2      | 1770 ||| DROPPING potion of invisibility.
  1788 | D:3      | 1788 ||| Stepping ~*~*~tactically~*~*~ (stealth).
  1791 | D:3      | 1791 ||| Stepping ~*~*~tactically~*~*~ (stealth).
  1792 | D:3      | 1792 ||| Stepping ~*~*~tactically~*~*~ (stealth).
  1851 | D:3      | 1851 ||| Stepping ~*~*~tactically~*~*~ (stealth).
  1857 | D:3      | Reached skill level 1 in Armour
  1870 | D:3      | 1870 ||| Stepping ~*~*~tactically~*~*~ (stealth).
  1893 | D:3      | Found a white marble altar of Elyvilon.
  1894 | D:3      | 1894 ||| SWAPPING to +0 war axe.
  1895 | D:3      | 1895 ||| DROPPING -1 spectral hand axe.
  1896 | D:3      | 1896 ||| READING scroll of brand weapon.
  1896 | D:3      | 1896 ||| BRANDING +0 war axe.
  2115 | D:3      | Found an opulent altar of Gozag.
  2424 | D:3      | Found a snail-covered altar of Cheibriados.
  2428 | D:3      | Found a shimmering blue altar of Sif Muna.
  2429 | D:3      | Found a hazy altar of Hepliaklqana.
  2431 | D:3      | 2431 ||| UPGRADING to +0 buckler.
  2436 | D:3      | 2436 ||| READING scroll labelled OCHEGI QUADI.
  2436 | D:3      | Identified a scroll of acquirement
  2436 | D:3      | 2436 ||| ACQUIRING -1 pair of boots of the Ant {Str+3
                  | Int+7}
  2436 | D:3      | Acquired the -1 pair of boots of the Ant {Str+3 Int+7}
  2438 | D:3      | 2438 ||| UPGRADING to -1 pair of boots of the Ant {Str+3
                  | Int+7}.
  2443 | D:3      | 2443 ||| DRINKING 2 metallic blue potions.
  2443 | D:3      | Gained mutation: You are dopey. (Int -2) [potion of
                  | mutation]
  2443 | D:3      | Gained mutation: Your movements are slightly less
                  | encumbered by armour. (ER -2) [potion of mutation]
  2443 | D:3      | Gained mutation: Your spells are a little harder to cast,
                  | but a little more powerful. [potion of mutation]
  2516 | D:4      | 2516 ||| Stepping ~*~*~tactically~*~*~ (stealth).
  2534 | D:4      | 2534 ||| Stepping ~*~*~tactically~*~*~ (hiding).
  2535 | D:4      | 2535 ||| Stepping ~*~*~tactically~*~*~ (hiding).
  2537 | D:4      | 2537 ||| Stepping ~*~*~tactically~*~*~ (hiding).
  2540 | D:4      | 2540 ||| INVOKING Fiery Armour.
  2543 | D:4      | Reached skill level 1 in Shields
  2554 | D:4      | Reached XP level 6. HP: 36/38 MP: 7/7
  2678 | D:4      | Found a runed translucent gate.
  2679 | D:4      | Found a runed translucent gate.
  2681 | D:4      | 2681 ||| INVOKING Fiery Armour.
  2723 | D:4      | Found a runed translucent gate.
  2723 | D:4      | Noticed qw's ghost (amateur GrCA)
  2725 | D:4      | 2725 ||| DROPPING +2 whip of pain.
  3024 | D:4      | 3024 ||| READING scroll labelled WODET MEDUKUTO.
  3025 | D:4      | 3025 ||| DRINKING 3 blue potions.
  3026 | D:4      | 3026 ||| DRINKING 3 potions of curing.
  3026 | D:4      | 3026 ||| (to cure confusion)
  3027 | D:4      | 3027 ||| DRINKING 2 fuming white potions.
  3028 | D:4      | 3028 ||| DRINKING 2 purple potions.
  3132 | D:4      | 3132 ||| READING 5 scrolls of identify.
  3132 | D:4      | 3132 ||| IDENTIFYING fizzy ruby potion
  3133 | D:4      | 3133 ||| READING 4 scrolls of identify.
  3133 | D:4      | 3133 ||| IDENTIFYING bubbling grey potion
  3134 | D:4      | 3134 ||| DROPPING 2 potions of ambrosia.
  3135 | D:4      | 3135 ||| DROPPING potion of magic.
  3136 | D:4      | 3136 ||| DROPPING potion of berserk rage.
  3142 | D:5      | Entered Level 5 of the Dungeon
  3152 | D:5      | 3152 ||| INVOKING Fiery Armour.
  3196 | D:5      | Reached XP level 7. HP: 43/43 MP: 8/8
  3223 | D:5      | 3223 ||| Stepping ~*~*~tactically~*~*~ (stealth).
  3235 | D:5      | Reached skill level 6 in Axes
  3242 | D:5      | Reached skill level 3 in Shields
  3251 | D:5      | Found Joaj's Book Emporium.
  3302 | D:5      | Noticed qw's ghost (novice GrCA)
  3306 | D:5      | Found a runed translucent door.
  3570 | D:5      | Reached skill level 7 in Axes
  3570 | D:5      | Reached XP level 8. HP: 43/48 MP: 9/9
  3646 | D:5      | 3646 ||| Stepping ~*~*~tactically~*~*~ (stealth).
  3659 | D:5      | 3659 ||| INVOKING Fiery Armour.
  4065 | D:5      | 4065 ||| Stepping ~*~*~tactically~*~*~ (hiding).
  4299 | D:5      | 4299 ||| UPGRADING to +0 cloak.
  4304 | D:5      | 4304 ||| DROPPING scarf of shadows.
  4305 | D:5      | 4305 ||| UPGRADING to ring of positive energy.
  4306 | D:5      | 4306 ||| READING 4 scrolls of identify.
  4306 | D:5      | 4306 ||| IDENTIFYING black potion
  4377 | D:6      | Noticed Maggie
  4386 | D:6      | 4386 ||| INVOKING Fiery Armour.
  4390 | D:6      | Reached skill level 3 in Armour
  4399 | D:6      | Killed Maggie
  4400 | D:6      | Reached skill level 8 in Axes
  4570 | D:6      | Reached skill level 6 in Fighting
  4633 | D:6      | Reached skill level 1 in Dodging
  4633 | D:6      | Reached XP level 9. HP: 55/55 MP: 10/10
  4854 | D:6      | Reached skill level 9 in Axes
  5527 | D:6      | 5527 ||| UPGRADING to +0 chain mail.
  5537 | D:6      | 5537 ||| DROPPING +0 ring mail.
  5538 | D:6      | 5538 ||| READING 3 scrolls labelled PUSOAD UMASKOA.
  5543 | D:6      | 5543 ||| READING scroll labelled JUSTUG SEUT.
  5544 | D:6      | 5544 ||| READING scroll labelled YNKIKH CEBOI.
  5545 | D:6      | 5545 ||| READING scroll labelled NYURPH LATZENE.
  5546 | D:6      | 5546 ||| READING scroll labelled EDEYL COORISOE.
  5675 | D:7      | 5675 ||| READING scroll of acquirement.
  5675 | D:7      | 5675 ||| ACQUIRING +0 buckler "Rierph" {Drain rC+ Str+3}
  5675 | D:7      | Acquired the +0 buckler "Rierph" {Drain rC+ Str+3}
  5677 | D:7      | 5677 ||| UPGRADING to +0 buckler "Rierph" {Drain rC+
                  | Str+3}.
  5687 | D:7      | 5687 ||| DROPPING +0 buckler.
  5784 | D:7      | 5784 ||| Stepping ~*~*~tactically~*~*~ (stealth).
  5788 | D:7      | 5788 ||| INVOKING Fiery Armour.
  5816 | D:7      | Reached skill level 1 in Throwing
  5905 | D:7      | Found a radiant altar of Vehumet.
  5951 | D:7      | Found a staircase to the Ecumenical Temple.
  6341 | D:7      | 6341 ||| READING 4 scrolls of identify.
  6341 | D:7      | 6341 ||| IDENTIFYING metallic inky potion
  6342 | D:7      | 6342 ||| DROPPING potion of attraction.
  6381 | D:8      | 6381 ||| STAIRDANCE
  6480 | D:7      | 6480 ||| DROPPING +0 flail.
  6486 | D:8      | 6486 ||| STAIRDANCE
  6567 | D:8      | 6567 ||| INVOKING Fiery Armour.
  6594 | D:8      | Reached skill level 6 in Armour
  6665 | D:8      | Found an iron altar of Okawaru.
  6666 | D:8      | 6666 ||| Stepping ~*~*~tactically~*~*~ (hiding).
  6701 | D:8      | 6701 ||| READING scroll of acquirement.
  6701 | D:8      | 6701 ||| ACQUIRING 783 gold pieces
  6701 | D:8      | Acquired 783 gold pieces
  6747 | D:8      | Reached XP level 10. HP: 63/63 MP: 11/11
  6773 | D:8      | 6773 ||| Stepping ~*~*~tactically~*~*~ (stealth).
  6795 | D:8      | 6795 ||| INVOKING Fiery Armour.
  6796 | D:8      | Reached skill level 10 in Axes
  6847 | D:8      | Noticed Maurice
  6859 | D:8      | Killed Maurice
  6925 | D:8      | 6925 ||| Stepping ~*~*~tactically~*~*~ (stealth).
  7009 | D:8      | Found a staircase to the Lair.
  7206 | D:8      | 7206 ||| PLANNING LAIR
  7234 | Lair:1   | Entered Level 1 of the Lair of Beasts
  7244 | Lair:1   | 7244 ||| STAIRDANCE
  7261 | Lair:1   | Noticed a cane toad
  7271 | Lair:1   | Killed a cane toad
  7315 | Lair:1   | Noticed a cane toad
  7316 | Lair:1   | 7316 ||| Stepping ~*~*~tactically~*~*~ (stealth).
  7327 | Lair:1   | Killed a cane toad
  7341 | Lair:1   | 7341 ||| Stepping ~*~*~tactically~*~*~ (stealth).
  7356 | Lair:1   | Reached skill level 11 in Axes
  7554 | Lair:1   | 7554 ||| Stepping ~*~*~tactically~*~*~ (stealth).
  7555 | Lair:1   | 7555 ||| INVOKING Fiery Armour.
  7570 | Lair:1   | Reached XP level 11. HP: 51/69 MP: 12/12
  7572 | Lair:1   | Reached skill level 9 in Fighting
  7996 | Lair:1   | 7996 ||| INVOKING Fiery Armour.
  8215 | Lair:2   | Reached skill level 12 in Axes
  8340 | Lair:2   | 8340 ||| Stepping ~*~*~tactically~*~*~ (stealth).
  8398 | Lair:2   | 8398 ||| INVOKING Fiery Armour.
  8408 | Lair:2   | Reached skill level 6 in Shields
  8582 | Lair:2   | 8582 ||| PLANNING OKAWARU WORSHIP
  8582 | Lair:2   | 8582 ||| READING scroll labelled MUORCH JECHE.
  8700 | D:8      | Fell from the grace of Ignis
  8700 | D:8      | Became a worshipper of Warmaster Okawaru
  8701 | D:8      | 8701 ||| PLANNING LAIR
  8830 | Lair:2   | Found a staircase to the Swamp.
  9021 | Lair:2   | Found a hole to the Spider Nest.
  9282 | Lair:2   | 9282 ||| Stepping ~*~*~tactically~*~*~ (stealth).
  9316 | Lair:2   | 9316 ||| Stepping ~*~*~tactically~*~*~ (stealth).
  9332 | Lair:2   | 9332 ||| Stepping ~*~*~tactically~*~*~ (stealth).
  9337 | Lair:2   | 9337 ||| Stepping ~*~*~tactically~*~*~ (stealth).
  9338 | Lair:2   | 9338 ||| Stepping ~*~*~tactically~*~*~ (stealth).
  9427 | Lair:2   | 9427 ||| Stepping ~*~*~tactically~*~*~ (stealth).
  9440 | Lair:2   | Reached * piety under Okawaru
  9468 | Lair:2   | 9468 ||| INVOKING Heroism.
  9852 | Lair:3   | 9852 ||| STAIRDANCE
  9854 | Lair:2   | 9854 ||| INVOKING Heroism.
  9864 | Lair:2   | Reached skill level 1 in Invocations
  9941 | Lair:3   | 9941 ||| INVOKING Heroism.
  9942 | Lair:3   | 9942 ||| INVOKING Heroism.
  9960 | Lair:3   | Reached XP level 12. HP: 77/77 MP: 13/13
  9982 | Lair:3   | 9982 ||| STAIRDANCE
  9994 | Lair:3   | 9994 ||| STAIRDANCE
 10019 | Lair:3   | Reached skill level 3 in Invocations
 10068 | Lair:3   | Reached skill level 13 in Axes
 10176 | Lair:3   | 10176 ||| Stepping ~*~*~tactically~*~*~ (hiding).
 10316 | Lair:3   | 10316 ||| Stepping ~*~*~tactically~*~*~ (stealth).
 10339 | Lair:3   | 10339 ||| INVOKING Heroism.
 10342 | Lair:3   | HP: 13/77 [fire elemental[the fiery vengeance of Ignis]
                  | (7)]
 10343 | Lair:3   | 10343 ||| READING 5 scrolls of teleportation.
 10344 | Lair:3   | 10344 ||| DRINKING potion of heal wounds.
 10433 | Lair:3   | 10433 ||| Stepping ~*~*~tactically~*~*~ (stealth).
 10469 | Lair:3   | Found a transporter.
 10489 | Lair:3   | 10489 ||| INVOKING Heroism.
 10508 | Lair:3   | 10508 ||| Stepping ~*~*~tactically~*~*~ (stealth).
 10516 | Lair:3   | 10516 ||| INVOKING Heroism.
 10571 | Lair:3   | Noticed qw's ghost (journeyman GrCA)
 10585 | Lair:3   | Found a transporter.
 10898 | Lair:3   | You fall into a shaft and drop 1 floor!
 10905 | Lair:4   | Noticed Urug
 10906 | Lair:4   | 10906 ||| INVOKING Heroism.
 10921 | Lair:4   | Killed Urug
 10922 | Lair:4   | Reached skill level 9 in Armour
 11180 | Lair:4   | 11180 ||| Stepping ~*~*~tactically~*~*~ (hiding).
 11220 | Lair:4   | Noticed a five-headed hydra
 11221 | Lair:4   | 11221 ||| INVOKING Heroism.
 11230 | Lair:4   | 11230 ||| SWAPPING to +4 morningstar.
 11235 | Lair:4   | Killed a five-headed hydra
 11236 | Lair:4   | Reached skill level 3 in Throwing
 11236 | Lair:4   | 11236 ||| SWAPPING to +0 vampiric war axe.
 11351 | Lair:4   | 11351 ||| INVOKING Heroism.
 11550 | Lair:4   | 11550 ||| INVOKING Heroism.
 11551 | Lair:4   | Noticed a death yak
 11552 | Lair:4   | Noticed a death yak
 11564 | Lair:4   | 11564 ||| INVOKING Heroism.
 11567 | Lair:4   | Killed a death yak
 11576 | Lair:4   | Killed a death yak
 11576 | Lair:4   | Reached ** piety under Okawaru
 11617 | Lair:4   | Found a staircase to the Slime Pits.
 11627 | Lair:4   | 11627 ||| INVOKING Heroism.
 11630 | Lair:4   | HP: 18/77 [fire elemental[the fiery vengeance of Ignis]
                  | (4)]
 11631 | Lair:4   | 11631 ||| READING 4 scrolls of teleportation.
 11631 | Lair:4   | HP: 4/77 [fire elemental[the fiery vengeance of Ignis]
                  | (14)]
 11633 | Lair:4   | Slain by a fire elemental

Levels and vault maps discovered:
D:1:      nicolae_arrival_memento_mori, layout_basic,
          shapermc_ecumenical_altar_acropolis, dk_noncrumbling_3,
          dk_noncrumbling_4, st_stairs_8, chequers_serial_rivers_micro_d,
          minmay_bisected
D:2:      layout_rooms, uniq_natasha
D:3:      layout_loops_ring, mainiacjoe_overflow_cross_hatched,
          lemuel_doored_altar, minitemple
D:4:      layout_cave_pools, gammafunk_ghost_nasty_kobolds
D:5:      minmay_angry_zag, layout_basic, hellmonk_ghost_happy_afterlife,
          serial_shops, nicolae_book_shop_shelving
D:6:      layout_basic, uniq_maggie
D:7:      layout_basic, old_standard_altar, minmay_temple_entry_arrows
D:8:      layout_loops_ring, mainiacjoe_overflow_paths,
          due_lair_maze_entry_diamond, uniq_maurice
Lair:1:   layout_hall_layers
Lair:2:   layout_cave_pods, minmay_swamp_entry_worms,
          spider_nest_entry_web_field, special_room [special_room_bee]
Lair:3:   layout_loops_ring, gammafunk_ghost_berserking_beasts,
          beast_lair_carwin_8, serial_bayou_shore_b
Lair:4:   layout_gridlike, slime_entry_1, infiniplex_staircase_pool_2,
          serial_bayou_shore_b, uniq_urug

Skill      XL: |  1  2  3  4  5  6  7  8  9 10 11 12 |
---------------+-------------------------------------+-----
Axes           | 3 4 5 7 8 9 11 12 13 | 13.5
Armour         | 1 2 3 6 7 8 9 |  9.1
Shields        | 2 3 4 5 6 |  6.0
Fighting       | 4 6 7 8 10 | 10.0
Dodging        | 1 |  1.4
Throwing       | 1 3 |  3.6
Invocations    | 1 4 |  4.0
Spellcasting   | |  1.0
Fire Magic     | |  3.0

Action                     |  1- 3 |  4- 6 |  7- 9 | 10-12 || total
---------------------------+-------+-------+-------+-------++-------
  Melee: Hand axe          |    86 |   116 |       |       ||   202
         War axe           |       |    95 |   317 |   656 ||  1068
         Morningstar       |       |       |       |     5 ||     5
  Throw: Boomerang         |       |       |    19 |    28 ||    47
         Javelin           |       |       |       |    13 ||    13
 Invoke: Fiery Armour      |     2 |     3 |     4 |     4 ||    13
         Heroism           |       |       |       |    12 ||    12
    Use: Scroll            |     5 |     7 |     9 |     3 ||    24
         Potion            |       |     7 |       |     1 ||     8
   Stab: Distracted        |       |     2 |       |       ||     2
         Invisible         |       |     2 |       |       ||     2
 Armour: Robe              |    31 |    26 |       |       ||    57
         Ring mail         |       |    90 |    95 |       ||   185
         Chain mail        |       |       |    85 |   526 ||   611
         Skin              |       |       |       |     3 ||     3
  Dodge: Dodged            |    57 |   127 |   176 |   348 ||   708
  Block: Buckler           |       |     7 |    67 |   154 ||   228

Table legend:
 A = Non-vault XP
 B = Vault XP
 C = Vault XP percentage of total XP
 D = Non-vault monster count
 E = Vault monster count
 F = Vault count percentage of total count
                 A         B        C        D         E       F
            +---------+---------+-------+---------+---------+-------
      Total |   21424 |    5132 |  19.3 |     228 |      50 |  18.0
            +---------+---------+-------+---------+---------+-------
        D:1 |      51 |       8 |  13.6 |      21 |       4 |  16.0
        D:2 |      90 |      35 |  28.0 |      19 |       1 |   5.0
        D:3 |      62 |       0 |   0.0 |      28 |       0 |   0.0
        D:4 |     292 |       0 |   0.0 |      21 |       0 |   0.0
        D:5 |     806 |     105 |  11.5 |      18 |       4 |  18.2
        D:6 |    1098 |     409 |  27.1 |      17 |       1 |   5.6
        D:7 |     716 |       0 |   0.0 |      17 |       0 |   0.0
        D:8 |    1361 |    1503 |  52.5 |      20 |      10 |  33.3
     Lair:1 |    5104 |       0 |   0.0 |      23 |       0 |   0.0
     Lair:2 |    4537 |    1984 |  30.4 |      16 |      26 |  61.9
     Lair:3 |    3051 |     288 |   8.6 |      17 |       3 |  15.0
     Lair:4 |    4256 |     800 |  15.8 |      11 |       1 |   8.3
            +---------+---------+-------+---------+---------+-------
